 Dungeon Crawl Stone Soup version 0.19-a0-904-ga29959e (webtiles) character file.

39 MrRokkomies the Caller (level 3, 0/23 HPs)
             Began as an Octopode Summoner on July 5, 2016.
             Slain by a jackal (3 damage)
             ... on level 2 of the Dungeon.
             The game lasted 00:02:28 (1037 turns).

MrRokkomies the Caller (Octopode Summoner)          Turns: 1037, Time: 00:02:28

Health: 0/23       AC:  1    Str:  7    XL:     3   Next: 47%
Magic:  6/6        EV: 12    Int: 18    God:
Gold:   44         SH:  0    Dex: 12    Spells: 2 memorised, 3 levels left

rFire  . . .     SeeInvis .     a - +0 spear
rCold  . . .     Gourm    .     (no shield)
rNeg   . . .     Faith    .     (helmet restricted)
rPois  .         Spirit   .     (no amulet)
rElec  .         Dismiss  .     (no ring)
rCorr  .         Reflect  .     (no ring)
SustAt .         Harm     .     (no ring)
MR     .....                    (no ring)
Stlth  +++.......               (no ring)
                                (no ring)
                                (no ring)
                                (no ring)

@: hasted, very quick, not resistant to hostile enchantments, fairly stealthy
A: almost no armour, amphibious, 8 rings, constrict 8, camouflage 1, gelatinous
body 1
a: no special abilities


You were on level 2 of the Dungeon.
You were not hungry.

You visited 1 branch of the dungeon, and saw 2 of its levels.

You collected 44 gold pieces.

Inventory:

Hand Weapons
 a - a +0 spear (weapon)
Scrolls
 e - a scroll of magic mapping
 i - 2 scrolls of remove curse
Potions
 c - a potion of mutation {unknown}
 d - 2 potions of might {unknown}
Books
 k - a book of Callings

   Spells                             Type                      Level
   a - Summon Small Mammal            Summoning                    1
   b - Call Imp                       Summoning                    2
   c - Call Canine Familiar           Summoning                    3
   d - Summon Guardian Golem          Hexes/Summoning              3
   e - Summon Lightning Spire         Summoning/Air                4
   f - Summon Ice Beast               Ice/Summoning                4
Comestibles
 b - 2 bread rations
 f - a meat ration
 h - a royal jelly
 j - a beef jerky


   Skills:
 * Level 1.6 Fighting
 - Level 2.0 Dodging
 - Level 2.6 Stealth
 - Level 2.0 Spellcasting
 * Level 4.7 Summonings


You had 3 spell levels left.
You knew the following spells:

 Your Spells              Type           Power        Failure   Level  Hunger
a - Summon Small Mammal   Summ           ###.         2%          1    #......
b - Call Imp              Summ           ###.....     4%          2    ###....


Dungeon Overview and Level Annotations

Branches:
Dungeon (2/15)

Altars:


Innate Abilities, Weirdness & Mutations

You cannot wear most types of armour.
You are amphibious.
You can wear up to eight rings at the same time.
You can use your tentacles to constrict eight enemies at once.
Your skin changes colour to match your surroundings (Stealth+).
Your rubbery body absorbs attacks. (AC +1)


Message History

You hit the jackal. You grab the jackal.
The jackal is moderately wounded.
You constrict the jackal. The jackal barely misses you. x2
The jackal closely misses you. x2
You release your grip on the jackal.
The jackal bites you. x2
The jackal bites you. x2
The jackal barely misses you. The jackal misses you. The jackal bites you.
The jackal closely misses you. The jackal misses you. The jackal bites you.
As you read the scroll labeled ITWEEF GYCKORGH, it crumbles to dust.
You feel aware of your surroundings.
You sensed 1 altar.
It was a scroll of magic mapping.
The jackal bites you.
* * * LOW HITPOINT WARNING * * *
The jackal bites you.
* * * LOW HITPOINT WARNING * * *
You feel yourself speed up. The jackal closely misses you.
The jackal bites you.
* * * LOW HITPOINT WARNING * * *
The jackal bites you.
You die...

,,**#.# ###.##..##...##
#.### *,,*#.#
#...###[##.### ##...#
**,,#.# #.### #....#
#...†. ,,*,#.####.#
##..## #.÷...
*,#.#.#....# #...#
#.....
#.#.#...############
###...
...............#####
#...
##............Kh...###
#...
#...........#.Kh@....##
#...
............####..)...#
#... .#......r..##
####...## #.##
##.........# ##...# #.#
#.........# #...## #.#
#.........# ##...####
#.# ##.........#
#......###.#
#.........##
##)......#.#
...........#
###.......#


You could see 2 jackals and 2 kobolds.

Vanquished Creatures
  An adder (D:2)
  A giant gecko (D:2)
  3 giant cockroaches
  5 goblins
  3 hobgoblins (D:2)
  2 kobolds (D:1)
  7 bats
  A giant newt (D:1)
  5 rats
28 creatures vanquished.

Vanquished Creatures (others)
  A giant cockroach (D:2)
1 creature vanquished.

Grand Total: 29 creatures vanquished

Notes
Turn   | Place    | Note
-------+----------+-------------------------------------------
     0 | D:1      | MrRokkomies the Octopode Summoner began the quest for the Orb.
     0 | D:1      | Reached XP level 1. HP: 11/11 MP: 3/3
    85 | D:1      | Reached skill level 1 in Fighting
   138 | D:1      | Reached XP level 2. HP: 18/18 MP: 5/5
   142 | D:1      | Learned a level 2 spell: Call Imp
   641 | D:2      | Reached XP level 3. HP: 20/23 MP: 6/6
   699 | D:2      | HP: 1/23 [adder (5)]
  1037 | D:2      | Slain by a jackal

Vault maps used:
D:1:      shiori_arrival_elements, minivault_19
D:2:      elyvilon_altar_4, serial_curves, eino_curves_01, eino_curves_04

Skill      XL: |  1 |
---------------+----+-----
Fighting       | 1 |  1.6
Dodging        | |  2.0
Stealth        | |  2.6
Spellcasting   | |  2.0
Summonings     | |  4.7

Action                   || total
-------------------------++-------
Melee: Dagger            ||    52
       Unarmed           ||     3
       Constrict         ||    12
       Tentacles         ||     6
       Spear             ||     2
  Use: Scroll            ||     5
       Potion            ||     2
 Stab: Sleeping          ||    15
Armor: Skin              ||     4
Dodge: Dodged            ||    47
